 Dungeon Crawl Stone Soup version 0.27-a0-998-g4cfe56dd59 (webtiles) character file.

Game seed: 115640071345102375

56 siradein the Conjurer (level 3, -4/26 HPs)
             Began as a Draconian Conjurer on Apr 16, 2021.
             Slain by an ogre
             ... wielding a +0 giant club
              (21 damage)
             ... on level 3 of the Dungeon.
             The game lasted 00:04:13 (2553 turns).

siradein the Conjurer (Draconian Conjurer)          Turns: 2553, Time: 00:04:14

Health: -4/26      AC:  5    Str:  9    XL:     3   Next: 71%
Magic:  4/7        EV: 12    Int: 19    God:
Gold:   101        SH:  0    Dex:  9    Spells: 5/8 levels left

rFire    . . .     SeeInvis .   c - +3 short sword
rCold    . . .     Faith    .   (no shield)
rNeg     . . .     Spirit   .   (armour unavailable)
rPois    .         Reflect  .   (helmet restricted)
rElec    .         Harm     .   (no cloak)
rCorr    .         Rampage  .   (no gloves)
Will     .....                  (no boots)
Stlth    ++........             (no amulet)
HPRegen  0.08/turn              (no ring)
MPRegen  0.10/turn              (no ring)

@: no status effects
A: AC +5, unfitting armour, cold-blooded
a: no special abilities


You were on level 3 of the Dungeon.
You visited 1 branch of the dungeon, and saw 3 of its levels.

You collected 101 gold pieces.

Inventory:

Hand Weapons
 c - a +3 short sword (weapon)
Jewellery
 k - an amulet of the acrobat
Scrolls
 a - 2 scrolls of fog {unknown}
 d - a scroll of teleportation {unknown}
 f - a scroll of identify {unknown}
 g - a scroll of noise {unknown}
 h - a scroll of immolation {unknown}
Potions
 b - a potion of cancellation {unknown}
 e - 4 potions of curing {unknown}
 i - a potion of flight {unknown}
 j - a potion of might {unknown}


   Skills:
 - Level 1.7 Dodging
 - Level 1.7 Stealth
 + Level 3.0 Spellcasting
 + Level 4.7 Conjurations


You had 5 spell levels left.
You knew the following spells:

 Your Spells              Type           Power      Damage    Failure   Level
a - Magic Dart            Conj           84%        1d7       2%          1
b - Searing Ray           Conj           42%        3d4       3%          2

Your spell library contained the following spells:

 Spells                   Type           Power      Damage    Failure   Level
 Beastly Appendage        Tmut           4%         N/A       16%         1
 Dazzling Flash           Conj/Hex       22%        N/A       17%         3
 Wereblood                Tmut           2%         N/A       22%         2
 Spider Form              Tmut/Pois      1%         N/A       41%         3
 Fulminant Prism          Conj/Hex       5%         3d7       50%         4
 Iskenderun's Mystic Bla  Conj/Tloc      11%        2d4       50%         4
 Ice Form                 Ice/Tmut       2%         N/A       83%         4
 Hydra Form               Tmut           1%         N/A       99%         5


Dungeon Overview and Level Annotations

Branches:
Dungeon (3/15)

Altars:
Cheibriados
Xom

Shops:
D:3 :


Innate Abilities, Weirdness & Mutations

Your plain brown scales are hard. (AC +5)
You cannot fit into any form of body armour.
You are cold-blooded and may be slowed by cold attacks.


Message History

Found a shimmering altar of Xom.
k - an amulet of the acrobat You now have 101 gold pieces (gained 12).
An ogre comes into view. It is wielding a +0 giant club.
You start putting on your amulet.
You continue putting on your amulet of the acrobat. x2
The ogre shouts!
The ogre closely misses you.
You continue putting on your amulet of the acrobat.
The ogre hits you with a +0 giant club!
Keep equipping yourself? [Y]es or [N]o only, please.
Keep equipping yourself? [Y]es or [N]o only, please.
Keep equipping yourself? [Y]es or [N]o only, please.
Keep equipping yourself?
You stop putting on your amulet.
Ouch! That really hurt!
Unknown command.
Things that are here:
a +0 dagger; 2 stones
Things that are here:
a +0 leather armour; a +0 dagger Sorry, you're not good enough to have a special ability.
Okay, then.
Casting: Magic Dart (safe; 2% risk of failure)
Confirm with . or Enter, or press ? or * to list all spells.
Aiming: Searing Ray (safe; 3% risk of failure)
Press: ? - help, Shift-Dir - straight line, f - ogre
Aim: an ogre, wielding a +0 giant club (89% to hit)
The searing ray hits the ogre!
The ogre is moderately wounded. (Press . to maintain the ray.)
The ogre closely misses you.
The searing ray hits the ogre!
The ogre is heavily wounded.
The ogre hits you with a +0 giant club!!
Ouch! That really hurt!
You die...

#######################
#.....@O...............
####.############........#
#....# #......).# #.#..#
#......... #.##.######
#........# #.##..#...##
#........# #.###......##
#........#
####.####......#
#........#
#.......#......#
#........#


You could see an ogre.

Vanquished Creatures
  An adder (D:2)
  A worm (D:2)
  5 orcs (D:3)
  7 ball pythons
  3 endoplasms
  A giant cockroach (D:1)
  3 hobgoblins
  7 kobolds
  2 quokkas
  2 frilled lizards
  5 rats
37 creatures vanquished.

Notes
Turn   | Place    | Note
-------+----------+-------------------------------------------
     0 | D:1      | siradein the Draconian Conjurer began the quest for the
                  | Orb.
     0 | D:1      | Reached XP level 1. HP: 14/14 MP: 3/3
   325 | D:1      | Reached XP level 2. HP: 20/20 MP: 3/5
   328 | D:1      | Learned a level 2 spell: Searing Ray
  1021 | D:2      | Reached XP level 3. HP: 26/26 MP: 0/7
  1833 | D:3      | Found Tasat's Book Emporium.
  2314 | D:3      | Found a snail-covered altar of Cheibriados.
  2424 | D:3      | Found a shimmering altar of Xom.
  2492 | D:3      | Noticed an ogre
  2553 | D:3      | Slain by an ogre

Illustrated notes

Levels and vault maps discovered:
D:1:      mrwooster_arrival_arrow, layout_loops_ring
D:2:      layout_basic
D:3:      layout_rooms, marbit_many_paths, nicolae_overflow_crystal_walls,
          lemuel_coloured_pillars_altar, serial_shops, nicolae_shop_crystal,
          serial_bayou, serial_bayou_pond_e, serial_bayou_pond_e,
          serial_bayou_pond_d, serial_bayou_lagoon_a, grunt_decor_fettered,
          amethyst_killhole, minmay_quadrilaterals

Skill      XL: |  1  2  3 |
---------------+----------+-----
Spellcasting   | 3 |  3.0
Dodging        | |  1.7
Stealth        | |  1.7
Conjurations   | |  4.7

Action                   || total
-------------------------++-------
Melee: Short sword       ||     1
 Cast: Magic Dart        ||    57
       Searing Ray       ||     8
Dodge: Dodged            ||    11

Table legend: (Time is in decaauts)
 A = Elapsed time spent in this place.
 B = Non-inter-level travel time spent in this place.
 C = Inter-level travel time spent in this place.
 D = Time resting spent in this place.
 E = Time spent auto-exploring this place.
 F = Levels seen in this place.
 G = Mean time per level.
                   A        B        C        D        E       F      G
               +--------+--------+--------+--------+--------+-----+--------+
         Total |   2562 |   2539 |     23 |     58 |   2182 |   3 |  854.0 |
       Dungeon |   2562 |   2539 |     23 |     58 |   2182 |   3 |  854.0 |
               +--------+--------+--------+--------+--------+-----+--------+

Top non-repeatable levels by time:
     D:2: 1093 daAuts
     D:1: 792 daAuts
     D:3: 676 daAuts
